 Dungeon Crawl Stone Soup version 0.30.0-19-g36f170ea60 (webtiles) character file.

Game seed: 17384897704986413237

351 jagang the Digger (level 6, 0/47 HPs)
             Began as a Draconian Earth Elementalist on May 30, 2023.
             Was an Initiate of Vehumet.
             Slain by an iguana (7 damage)
             ... on level 5 of the Dungeon.
             The game lasted 00:13:20 (3225 turns).

jagang the Digger (Draconian Earth Elementalist)    Turns: 3225, Time: 00:13:21

Health: 0/47       AC:  7    Str: 10    XL:     6   Next: 34%
Magic:  0/12       EV: 13    Int: 17    God:    Vehumet [......]
Gold:   126        SH:  0    Dex: 18    Spells: 9/13 levels left

rFire   + . .        h - +0 quarterstaff
rCold   x . .        (shield currently unavailable)
rNeg    . . .        (body armour unavailable)
rPois   .            (helmet restricted)
rElec   .            (no cloak)
rCorr   .            s - +0 pair of gloves
SInv    .            (no boots)
Will    .....        (no amulet)
Stlth   ++           j - +6 ring of dexterity
HPRegen 0.27/turn    l - ring of fire
MPRegen 0.13/turn

%: no passive effects
@: no status effects
A: AC +6, unfitting armour, cold-blooded
a: Renounce Religion


You were on level 5 of the Dungeon.
You worshipped Vehumet.
Vehumet was noncommittal.
You visited 2 branches of the dungeon, and saw 6 of its levels.

You collected 126 gold pieces.

Inventory:

Hand Weapons
 h - a +0 quarterstaff (weapon)
Missiles
 d - 29 stones
Armour
 s - a +0 pair of gloves (worn)
Jewellery
 j - a +6 ring of dexterity (left hand)
 l - a ring of fire (right hand)
 o - a ring of resist corrosion
Wands
 t - a wand of iceblast (14)
Scrolls
 b - a scroll of vulnerability {unknown}
 c - a scroll of identify
 e - 7 scrolls of teleportation
 f - a scroll of poison {unknown}
 i - a scroll of butterflies {unknown}
 m - 2 scrolls of enchant armour
 n - a scroll of enchant weapon {unknown}
 p - a scroll of acquirement {unknown}
 r - a scroll of immolation {unknown}
 u - a scroll of amnesia {unknown}
Potions
 a - a potion of magic
 g - a potion of might
 k - 2 potions of cancellation
 q - a potion of attraction
 v - a potion of berserk rage {unknown}
 w - a potion of brilliance {unknown}


   Skills:
 - Level 1.0 Fighting
 - Level 1.0 Staves
 + Level 3.0 Dodging
 - Level 1.8 Stealth
 * Level 4.0 Spellcasting
 + Level 2.8 Transmutations
 + Level 4.0 Earth Magic


You had 9 spell levels left.
You knew the following spells:

 Your Spells              Type           Power      Damage    Failure   Level
a - Sandblast             Erth           34%        2d9       3%          1
b - Stone Arrow           Conj/Erth      20%        3d8       21%         3

Your spell library contained the following spells:

 Spells                   Type           Power      Damage    Failure   Level
 Passwall                 Tmut/Erth      12%        N/A       6%          2
 Apportation              Tloc           6%         N/A       16%         1
 Necrotise                Necr           12%        1d4       16%         1
 Summon Small Mammal      Summ           12%        N/A       16%         1
 Blink                    Tloc           6%         N/A       24%         2
 Petrify                  Tmut/Erth      15%        N/A       36%         4
 Manifold Assault         Tloc           3%         N/A       83%         4
 Storm Form               Tmut/Air       4%         N/A       100%        7


Dungeon Overview and Level Annotations

Branches:
Dungeon (5/15)             Temple (1/1) D:5

Altars:
Cheibriados
Gozag
Hepliaklqana
Nemelex Xobeh
Okawaru
Ru
Vehumet
Xom
Yredelemnul
Lugonu

Annotations:
D:4 Edmund


Innate Abilities, Weirdness & Mutations

Your plain brown scales are hard. (AC +6)
You cannot fit into any form of body armour.
You are cold-blooded and may be slowed by cold attacks.


Message History

Aiming: Sandblast (safe; 3% risk of failure)
Press: ? - help, Shift-Dir - straight line, f/p - iguana
Aim: an iguana (84% to hit)
The blast of sand hits the iguana!
The iguana is heavily wounded.
The iguana misses you. The iguana barely misses you.
The iguana attacks as you move away! The iguana closely misses you.
Casting: Sandblast (safe; 3% risk of failure)
Confirm with . or Enter, or press ? or * to list all spells.
Aiming: Sandblast (safe; 3% risk of failure)
Press: ? - help, Shift-Dir - straight line, f/p - iguana
Aim: an iguana (heavily wounded, 84% to hit)
The blast of sand hits the iguana but does no damage.
The iguana is heavily wounded.
The iguana bites you.
* * * LOW HITPOINT WARNING * * *
The iguana attacks as you move away! The iguana bites you.
* * * LOW HITPOINT WARNING * * *
Found an escape hatch in the floor.
You barely miss the iguana.
The iguana is heavily wounded.
The iguana completely misses you. The iguana bites you.
* * * LOW HITPOINT WARNING * * *
You hit the iguana.
The iguana is heavily wounded.
The iguana closely misses you.
Casting: Sandblast (safe; 3% risk of failure)
Confirm with . or Enter, or press ? or * to list all spells.
Aiming: Sandblast (safe; 3% risk of failure)
Press: ? - help, Shift-Dir - straight line, f/p - iguana
Aim: an iguana (heavily wounded, 84% to hit)
The blast of sand hits the iguana but does no damage.
The iguana is heavily wounded.
The iguana misses you.
You hit the iguana.
The iguana is severely wounded.
The iguana bites you.
* * * LOW HITPOINT WARNING * * *
The iguana bites you!
You die...

≈.......§..# ≈≈≈≈≈≈≈≈≈..#
.).........# . .#)).......#
.. #.........#########..>
#.........#..........
+....................
#...............###..
#.............l@### ...#
+.................# ...
#.................# ..
#.#########+.##...#####'###
#.####### #.........##....#
............#.....#..#....#
............##.....##......#
...........##..#.#..##...###
..........##..##.##..##..#


You could see an iguana.

Vanquished Creatures
  A scorpion (D:4)
  A hound (D:5)
  An orc priest (D:5)
  2 orc wizards (D:5)
  Terence (D:2)
  Robin (D:2)
  6 adders
  An ufetubus (D:5)
  A dart slug (D:4)
  4 orcs
  8 ball pythons
  3 bats
  5 endoplasms
  2 giant cockroaches (D:2)
  17 goblins
  11 hobgoblins
  8 jackals (D:1)
  3 kobolds
  A quokka (D:3)
  2 frilled lizards
  8 rats
87 creatures vanquished.

Notes
Turn   | Place    | Note
-------+----------+-------------------------------------------
     0 | D:1      | jagang the Draconian Earth Elementalist began the quest for
                  | the Orb.
     0 | D:1      | Reached XP level 1. HP: 14/14 MP: 3/3
   140 | D:1      | Reached XP level 2. HP: 20/20 MP: 1/5
   529 | D:1      | Reached XP level 3. HP: 23/26 MP: 1/6
  1144 | D:2      | Noticed Terence
  1153 | D:2      | Killed Terence
  1166 | D:2      | Reached XP level 4. HP: 21/34 MP: 1/8
  1257 | D:2      | Learned a level 3 spell: Stone Arrow
  1367 | D:2      | Reached skill level 1 in Fighting
  1416 | D:2      | Reached skill level 1 in Staves
  1556 | D:2      | Noticed Robin
  1583 | D:2      | Killed Robin
  2180 | D:3      | Reached XP level 5. HP: 40/40 MP: 7/9
  2287 | D:3      | Found a faded altar of an unknown god.
  2486 | D:3      | Found a hazy altar of Hepliaklqana.
  2923 | D:4      | Noticed Edmund
  2963 | D:5      | Entered Level 5 of the Dungeon
  3048 | D:5      | Found a staircase to the Ecumenical Temple.
  3058 | Temple   | Entered the Ecumenical Temple
  3077 | Temple   | Became a worshipper of Vehumet
  3172 | D:5      | Found a sacrificial altar of Ru.
  3180 | D:5      | Reached XP level 6. HP: 38/47 MP: 9/11
  3225 | D:5      | Slain by an iguana

Illustrated notes

Levels and vault maps discovered:
D:1:      onia_arrival_mini_maze, layout_basic
D:2:      layout_loops_cross, uniq_robin, uniq_terence
D:3:      layout_loops_ring, mainiacjoe_overflow_catwalk,
          ebering_ecumenical_altar_abandoned
D:4:      layout_cave_pools, mainiacjoe_overflow_alcove_2,
          mainiacjoe_overflow_tiny_flanked, serial_shops,
          nicolae_book_shop_shelving, uniq_edmund, uniq_natasha
D:5:      layout_basic, mainiacjoe_overflow_concentric_impassable,
          minmay_temple_entry_waves, gammafunk_ghost_cemetery
Temple:   corrupted_temple

Skill      XL: |  1  2  3  4  5  6 |
---------------+-------------------+-----
Dodging        | 2 3 |  3.0
Fighting       | 1 |  1.0
Staves         | 1 |  1.0
Spellcasting   | 3 4 |  4.0
Transmutations | 2 |  2.8
Earth Magic    | 4 |  4.0
Stealth        | |  1.8

Action                     |  1- 3 |  4- 6 || total
---------------------------+-------+-------++-------
  Melee: Spear             |     5 |       ||     5
         Quarterstaff      |    17 |    21 ||    38
         Tailslap          |     1 |     2 ||     3
   Cast: Sandblast         |    36 |    78 ||   114
    Use: Scroll            |       |     5 ||     5
   Stab: Sleeping          |     1 |       ||     1
 Armour: Skin              |    19 |    17 ||    36
  Dodge: Dodged            |    24 |    38 ||    62
